 Dungeon Crawl Stone Soup version 0.19.0-9-gfd783f2 (webtiles) character file.

721 6a6kaBkacke the Cleaver (level 7, -1/61 HPs)
             Began as a Minotaur Berserker on Nov 8, 2016.
             Was a Priest of Trog.
             Slain by an orc warrior
             ... wielding a +0 short sword
              (8 damage)
             ... on level 6 of the Dungeon.
             The game lasted 00:14:08 (4064 turns).

6a6kaBkacke the Cleaver (Minotaur Berserker)        Turns: 4064, Time: 00:14:09

Health: -1/61      AC:  8    Str: 23    XL:     7   Next: 42%
Magic:  6/6        EV: 11    Int:  5    God:    Trog [***...]
Gold:   220        SH:  0    Dex:  9    Spells: 0 memorised, 6 levels left

rFire  . . .     SeeInvis .     a - +0 hand axe
rCold  + . .     Gourm    .     x - +1 ring mail {rC+}
rNeg   . . .     Faith    .     (no shield)
rPois  .         Spirit   .     (helmet restricted)
rElec  .         Reflect  .     (no cloak)
rCorr  .         Harm     .     (no gloves)
MR     .....                    r - +0 pair of boots
Stlth  ..........               (no amulet)
                                (no ring)
                                (no ring)

@: no status effects
A: retaliatory headbutt, horns 2
a: Berserk, Trog's Hand, Burn Spellbooks, Renounce Religion


You were on level 6 of the Dungeon.
You worshipped Trog.
Trog was most pleased with you.
You were not hungry.

You visited 1 branch of the dungeon, and saw 6 of its levels.

You collected 220 gold pieces.

Inventory:

Hand Weapons
 a - a +0 hand axe (weapon)
Missiles
 i - 7 javelins of returning (quivered)
Armour
 e - a +0 chain mail
 r - a +0 pair of boots (worn)
 x - a +1 ring mail of cold resistance (worn)
Jewellery
 p - an uncursed ring of see invisible
Scrolls
 d - 4 scrolls of remove curse {unknown}
 f - 14 scrolls of identify {unknown}
 g - 2 scrolls of immolation {unknown}
 q - 2 scrolls of amnesia {unknown}
 t - a scroll of noise {unknown}
 u - a scroll of random uselessness {unknown}
 v - a scroll of magic mapping {unknown}
 y - 2 scrolls of teleportation {unknown}
Potions
 b - 3 potions of haste {unknown}
 h - a potion of lignification
 l - a potion of beneficial mutation {unknown}
 m - a potion of agility {unknown}
 n - 2 potions of resistance {unknown}
 o - a potion of experience {unknown}
 s - a potion of berserk rage {unknown}
Comestibles
 c - a bread ration
 j - 3 beef jerkies
 k - 3 meat rations


   Skills:
 + Level 5.6 Fighting
 * Level 8.4 Axes
 + Level 5.1 Armour
 - Level 2.1 Dodging


You had 6 spell levels left.
You didn't know any spells.

Dungeon Overview and Level Annotations

Branches:
Dungeon (6/15)
 Temple: D:4-7

Altars:
Ashenzari
Cheibriados
Dithmenos
Elyvilon
Qazlal
Sif Muna
Trog
Yredelemnul


Innate Abilities, Weirdness & Mutations

You reflexively headbutt those who attack you in melee.
You have a pair of horns on your head.


Message History

The orc warrior is severely wounded.
You hit the orc warrior.
The orc warrior is almost dead.
The orc warrior hits you but does no damage.
You closely miss the orc warrior.
The orc warrior is almost dead.
The orc warrior hits you with a short sword!
* * * LOW HITPOINT WARNING * * *
You hit the orc warrior but do no damage.
The orc warrior is almost dead.
The orc warrior hits you but does no damage.
You hit the orc warrior but do no damage.
You headbutt the orc warrior.
The orc warrior is almost dead.
The orc warrior hits you with a short sword!
* * * LOW HITPOINT WARNING * * *
You hit the orc warrior but do no damage.
The orc warrior is almost dead.
The orc warrior hits you with a short sword!
You die...

###########
......<<..#
#########.#
#.# #.#
#.############
#....@ooooa$.#
############.#


You could see an orc warrior, a worker ant, an orc wizard and 2 orcs.

Vanquished Creatures
  Menkaure (D:5)
  A phantom (D:4)
  A scorpion (D:4)
  3 howler monkeys
  A crimson imp (D:4)
  A hound (D:4)
  A centaur skeleton (D:5)
  A centaur zombie (D:5)
  Jessica (D:2)
  An iguana (D:4)
  A worker ant zombie (D:4)
  5 adders
  2 oozes (D:3)
  3 worms
  2 dart slugs
  7 leopard geckos
  8 orcs
  A ball python (D:1)
  5 giant cockroaches
  5 goblins
  6 hobgoblins
  8 jackals
  4 quokkas
  7 bats
  4 frilled lizards
  9 kobolds
  8 rats
97 creatures vanquished.

Vanquished Creatures (others)
  A quokka (D:5)
1 creature vanquished.

Grand Total: 98 creatures vanquished

Notes
Turn   | Place    | Note
-------+----------+-------------------------------------------
     0 | D:1      | 6a6kaBkacke the Minotaur Berserker began the quest for the Orb.
     0 | D:1      | Reached XP level 1. HP: 19/19 MP: 0/0
   116 | D:1      | Reached XP level 2. HP: 27/27 MP: 1/1
   166 | D:1      | Reached skill level 4 in Axes
   800 | D:2      | Reached XP level 3. HP: 33/33 MP: 2/2
   937 | D:2      | Noticed Jessica
   942 | D:2      | Killed Jessica
   942 | D:2      | Reached XP level 4. HP: 41/41 MP: 3/3
  1084 | D:2      | Reached ** piety under Trog
  1090 | D:2      | Reached skill level 5 in Axes
  1142 | D:2      | Found a shadowy altar of Dithmenos.
  1143 | D:2      | Found a bloodstained altar of Trog.
  1352 | D:3      | HP: 3/61 [poisoned by a kobold]
  1551 | D:3      | Found a stormy altar of Qazlal.
  1552 | D:3      | Noticed an earth elemental
  1554 | D:3      | Noticed a fire elemental
  1565 | D:3      | Noticed a water elemental
  1565 | D:3      | Noticed an air elemental
  2005 | D:3      | Found a shattered altar of Ashenzari.
  2005 | D:3      | Found a snail-covered altar of Cheibriados.
  2033 | D:3      | Reached XP level 5. HP: 44/47 MP: 4/4
  2047 | D:4      | Noticed a phantom
  2050 | D:4      | Reached skill level 5 in Fighting
  2050 | D:4      | Reached skill level 6 in Axes
  2082 | D:4      | Killed a phantom
  2082 | D:4      | Reached XP level 6. HP: 22/56 MP: 5/5
  2366 | D:4      | Reached skill level 7 in Axes
  2741 | D:4      | Found a deep blue altar of Sif Muna.
  2818 | D:4      | Found a basalt altar of Yredelemnul.
  2906 | D:5      | Entered Level 5 of the Dungeon
  3011 | D:5      | Reached XP level 7. HP: 54/61 MP: 6/6
  3191 | D:5      | Noticed Menkaure
  3199 | D:5      | Killed Menkaure
  3199 | D:5      | Reached skill level 8 in Axes
  3199 | D:5      | Reached skill level 5 in Armour
  3214 | D:5      | Found a white marble altar of Elyvilon.
  3443 | D:5      | Reached *** piety under Trog
  4064 | D:6      | Slain by an orc warrior

Skill      XL: |  1  2  3  4  5  6  7 |
---------------+----------------------+-----
Fighting       | 4 5 |  5.6
Axes           | 4 5 6 7 8 |  8.4
Armour         | 3 4 5 |  5.1
Dodging        | |  2.1

Action                   |  1- 3 |  4- 6 |  7- 9 || total
-------------------------+-------+-------+-------++-------
Melee: Hand axe          |    70 |   135 |    48 ||   253
       Headbutt          |    12 |    24 |    10 ||    46
  Use: Potion            |       |     4 |     1 ||     5
  Eat: Chunk             |       |     3 |     2 ||     5
       Bread ration      |       |     1 |     1 ||     2
Armor: Chain mail        |    48 |    49 |       ||    97
       Skin              |       |     9 |       ||     9
       Ring mail         |       |    12 |    14 ||    26
Dodge: Dodged            |    36 |    72 |    13 ||   121
